TOP OF THE 1ST |
Seattle Rainiers batting - Pitching for Colorado Commanders : RHP Héctor Rodríguez
|
Pitching: RHP Héctor Rodríguez
|
|
Batting: RHB Alfredo Farías
|
0-0: Ground out 4-3 (Groundball, 4)
|
Batting: LHB Kelsey Scott
|
0-0: Ball 1-0: Ground out 3-1 (Groundball, 34)
|
Batting: RHB Enrique Soto
|
0-0: Foul Ball, location: 2F 0-1: Foul Ball, location: 2F 0-2: Ball 1-2: Ball 2-2: Strikes out swinging
|
Top of the 1st over - 0 run(s), 0 hit(s), 0 error(s), 0 left on base; Seattle 0 - Colorado 0 |
BOTTOM OF THE 1ST |
Colorado Commanders batting - Pitching for Seattle Rainiers : RHP Brandon Sweet
|
Pitching: RHP Brandon Sweet
|
|
Batting: SHB Pancho Vásquez
|
0-0: Called Strike 0-1: Fly out, F4 (Popup, 34D)
|
Batting: RHB Mike Martin
|
0-0: Ball 1-0: Ball 2-0: Called Strike 2-1: Ground out 5-3 (Groundball, 56S)
|
Batting: LHB Arturo Rodledo
|
0-0: SINGLE (Groundball, 34S) (infield hit)
|
Batting: LHB Juan Torres
|
0-0: Fielders Choice at 2nd, U6 (Groundball, 6M)
|
Bottom of the 1st over - 0 run(s), 1 hit(s), 0 error(s), 1 left on base; Seattle 0 - Colorado 0 |
TOP OF THE 2ND |
Seattle Rainiers batting - Pitching for Colorado Commanders : RHP Héctor Rodríguez
|
Batting: RHB Doug Williams
|
0-0: Ground out 1-3 (Groundball, P)
|
Batting: LHB Carlos Valentín
|
0-0: Fly out, F8 (Flyball, 8RD)
|
Batting: RHB Danny Spode
|
0-0: Ball 1-0: Ball 2-0: Ball 3-0: Called Strike 3-1: Called Strike 3-2: Foul Ball, location: 2F 3-2: SINGLE (Groundball, 3D)
|
Batting: SHB Júlio Ayala
|
0-0: Reaches on Catchers interference Danny Spode to second
|
Batting: RHB José Vidal
|
0-0: Ball 1-0: Called Strike 1-1: Fly out, F9 (Flyball, 9S)
|
Top of the 2nd over - 0 run(s), 1 hit(s), 1 error(s), 2 left on base; Seattle 0 - Colorado 0 |
BOTTOM OF THE 2ND |
Colorado Commanders batting - Pitching for Seattle Rainiers : RHP Brandon Sweet
|
Batting: RHB Frank Martínez
|
0-0: Foul Ball, location: 2F 0-1: Called Strike 0-2: Strikes out looking
|
Batting: SHB Theodore Cook
|
0-0: SINGLE (Flyball, 7LS)
|
Batting: RHB Félix Campos
|
0-0: Called Strike 0-1: Ball 1-1: Foul Ball, location: 2F 1-2: Strikes out swinging
|
Batting: RHB Adam Reeves
|
0-0: Ball 1-0: Called Strike 1-1: Fly out, F9 (Flyball, 89S)
|
Bottom of the 2nd over - 0 run(s), 1 hit(s), 0 error(s), 1 left on base; Seattle 0 - Colorado 0 |
TOP OF THE 3RD |
Seattle Rainiers batting - Pitching for Colorado Commanders : RHP Héctor Rodríguez
|
Batting: SHB Claas van der Kuijl
|
0-0: Ball 1-0: Called Strike 1-1: Ball 2-1: Called Strike 2-2: Strikes out swinging
|
Batting: RHB Alfredo Farías
|
0-0: Ball 1-0: Ground out 1-3 (Groundball, 13S)
|
Batting: LHB Kelsey Scott
|
0-0: Called Strike 0-1: DOUBLE (Line Drive, 5D)
|
Batting: RHB Enrique Soto
|
0-0: Called Strike 0-1: SINGLE (Line Drive, 7S) Kelsey Scott to third Runner from 3rd tries for Home, SAFE, no throw
|
Batting: RHB Doug Williams
|
0-0: Ball 1-0: Called Strike 1-1: Ball 2-1: Foul Ball, location: 2F 2-2: Fly out, F3 (Line Drive, 3L)
|
Top of the 3rd over - 1 run(s), 2 hit(s), 0 error(s), 1 left on base; Seattle 1 - Colorado 0 |
BOTTOM OF THE 3RD |
Colorado Commanders batting - Pitching for Seattle Rainiers : RHP Brandon Sweet
|
Batting: RHB Tony Barton
|
0-0: Foul Ball, location: 2F 0-1: Swinging Strike 0-2: Strikes out swinging
|
Batting: SHB Pancho Vásquez
|
0-0: Ball 1-0: Foul Ball, location: 2F 1-1: Called Strike 1-2: Ground out 6-3 (Groundball, 6)
|
Batting: RHB Mike Martin
|
0-0: Called Strike 0-1: Ball 1-1: Foul Ball, location: 2F 1-2: Ball 2-2: Foul Ball, location: 2F 2-2: Fly out, F3 (Popup, 3L)
|
Bottom of the 3rd over - 0 run(s), 0 hit(s), 0 error(s), 0 left on base; Seattle 1 - Colorado 0 |
TOP OF THE 4TH |
Seattle Rainiers batting - Pitching for Colorado Commanders : RHP Héctor Rodríguez
|
Batting: LHB Carlos Valentín
|
0-0: Called Strike 0-1: Ball 1-1: Called Strike 1-2: Strikes out looking
|
Batting: RHB Danny Spode
|
0-0: Ball 1-0: Called Strike 1-1: Foul Ball, location: 2F 1-2: Foul Ball, location: 2F 1-2: Ball 2-2: Ground out 5-3 (Groundball, 56S)
|
Batting: SHB Júlio Ayala
|
0-0: Foul Ball, location: 2F 0-1: Called Strike 0-2: Ball 1-2: Ball 2-2: Foul Ball, location: 2F 2-2: Foul Ball, location: 2F 2-2: Strikes out looking
|
Top of the 4th over - 0 run(s), 0 hit(s), 0 error(s), 0 left on base; Seattle 1 - Colorado 0 |
BOTTOM OF THE 4TH |
Colorado Commanders batting - Pitching for Seattle Rainiers : RHP Brandon Sweet
|
Batting: LHB Arturo Rodledo
|
0-0: Ball 1-0: SINGLE (Groundball, 34D)
|
Batting: LHB Juan Torres
|
0-0: Ball 1-0: Ball 2-0: Ground out U3 (Groundball, 3L) Arturo Rodledo to second
|
Batting: RHB Frank Martínez
|
0-0: Called Strike 0-1: Ball 1-1: Called Strike 1-2: Ball 2-2: Ground out 6-3 (Groundball, 6)
|
Batting: SHB Theodore Cook
|
0-0: Foul Ball, location: 2F 0-1: Fly out, F8 (Flyball, 8LD)
|
Bottom of the 4th over - 0 run(s), 1 hit(s), 0 error(s), 1 left on base; Seattle 1 - Colorado 0 |
TOP OF THE 5TH |
Seattle Rainiers batting - Pitching for Colorado Commanders : RHP Héctor Rodríguez
|
Batting: RHB José Vidal
|
0-0: Foul Ball, location: 2F 0-1: Ball 1-1: Fly out, F9 (Line Drive, 89M)
|
Batting: SHB Claas van der Kuijl
|
0-0: Swinging Strike 0-1: Ball 1-1: Ball 2-1: Ball 3-1: Called Strike 3-2: Strikes out looking
|
Batting: RHB Alfredo Farías
|
0-0: SINGLE (Line Drive, 6MD)
|
Batting: LHB Kelsey Scott
|
0-0: Called Strike 0-1: Ball 1-1: Called Strike 1-2: Ball Alfredo Farías steals 2nd base 2-2: Foul Ball, location: 2F 2-2: Ball 3-2: Strikes out swinging
|
Top of the 5th over - 0 run(s), 1 hit(s), 0 error(s), 1 left on base; Seattle 1 - Colorado 0 |
BOTTOM OF THE 5TH |
Colorado Commanders batting - Pitching for Seattle Rainiers : RHP Brandon Sweet
|
Batting: RHB Félix Campos
|
0-0: Called Strike 0-1: Fly out, F9 (Flyball, 9LM)
|
Batting: RHB Adam Reeves
|
0-0: Called Strike 0-1: Ground out 1-3 (Groundball, P)
|
Batting: RHB Tony Barton
|
0-0: Called Strike 0-1: Ball 1-1: Ball 2-1: Swinging Strike 2-2: Strikes out swinging
|
Bottom of the 5th over - 0 run(s), 0 hit(s), 0 error(s), 0 left on base; Seattle 1 - Colorado 0 |
TOP OF THE 6TH |
Seattle Rainiers batting - Pitching for Colorado Commanders : RHP Héctor Rodríguez
|
Batting: RHB Enrique Soto
|
0-0: Called Strike 0-1: Ball 1-1: Ball 2-1: Called Strike 2-2: Ball 3-2: Strikes out swinging
|
Batting: RHB Doug Williams
|
0-0: Foul Ball, location: 2F 0-1: Called Strike 0-2: Foul Ball, location: 2F 0-2: Ball 1-2: Fly out, F8 (Flyball, 78M)
|
Batting: LHB Carlos Valentín
|
0-0: Foul Ball, location: 2F 0-1: Ball 1-1: Swinging Strike 1-2: SINGLE (Groundball, 34D)
|
Pitching: RHP Ramiro Trujillo
|
|
Batting: RHB Danny Spode
|
0-0: Ball 1-0: Fly out, F5 (Popup, 5S)
|
Top of the 6th over - 0 run(s), 1 hit(s), 0 error(s), 1 left on base; Seattle 1 - Colorado 0 |
BOTTOM OF THE 6TH |
Colorado Commanders batting - Pitching for Seattle Rainiers : RHP Brandon Sweet
|
Batting: SHB Pancho Vásquez
|
0-0: Ground out U3 (Groundball, 34S)
|
Batting: RHB Mike Martin
|
0-0: SINGLE (Line Drive, 4MD)
|
Batting: LHB Arturo Rodledo
|
0-0: Ball 1-0: Swinging Strike 1-1: Fly out, F7 (Flyball, 7LSF)
|
Batting: LHB Juan Torres
|
0-0: Ball 1-0: Ground out U3 (Groundball, 23)
|
Bottom of the 6th over - 0 run(s), 1 hit(s), 0 error(s), 1 left on base; Seattle 1 - Colorado 0 |
TOP OF THE 7TH |
Seattle Rainiers batting - Pitching for Colorado Commanders : RHP Ramiro Trujillo
|
Batting: SHB Júlio Ayala
|
0-0: Ball 1-0: Ball 2-0: Ball 3-0: Base on Balls
|
Batting: RHB José Vidal
|
0-0: Bunted foul 0-1: Sac Bunt - play at first, batter OUT! 5-4 Júlio Ayala to second
|
Batting: SHB Claas van der Kuijl
|
0-0: Called Strike 0-1: Ball 1-1: Ball 2-1: Fly out, F8 (Flyball, 8LM)
|
Batting: RHB Alfredo Farías
|
0-0: Ball 1-0: Ball 2-0: Swinging Strike 2-1: SINGLE (Groundball, 4MD) Júlio Ayala to third Runner from 3rd tries for Home, SAFE, no throw
|
Batting: LHB Kelsey Scott
|
0-0: Ball 1-0: Ball 2-0: Ball 3-0: Base on Balls Alfredo Farías to second
|
Batting: RHB Enrique Soto
|
0-0: Called Strike 0-1: Ball 1-1: Ball 2-1: Called Strike 2-2: SINGLE (Groundball, 56D) Alfredo Farías to third Kelsey Scott to second Runner from 3rd tries for Home, SAFE, no throw
|
Pitching: RHP Jesús Medina
|
|
Batting: RHB Doug Williams
|
0-0: Ball 1-0: Ball 2-0: Ball 3-0: Called Strike 3-1: Called Strike 3-2: Foul Ball, location: 2F 3-2: Fly out, F7 (Flyball, 7)
|
Top of the 7th over - 2 run(s), 2 hit(s), 0 error(s), 2 left on base; Seattle 3 - Colorado 0 |
BOTTOM OF THE 7TH |
Colorado Commanders batting - Pitching for Seattle Rainiers : RHP Brandon Sweet
|
Batting: RHB Frank Martínez
|
0-0: Ball 1-0: Called Strike 1-1: Swinging Strike 1-2: Strikes out swinging
|
Batting: SHB Theodore Cook
|
0-0: Ball 1-0: Ball 2-0: Called Strike 2-1: Foul Ball, location: 2F 2-2: Foul Ball, location: 2F 2-2: Ball 3-2: Foul Ball, location: 2F 3-2: Strikes out looking
|
Batting: RHB Félix Campos
|
0-0: Swinging Strike 0-1: Called Strike 0-2: Ball 1-2: Ball 2-2: Foul Ball, location: 2F 2-2: Ground out 5-3 (Groundball, 56S)
|
Bottom of the 7th over - 0 run(s), 0 hit(s), 0 error(s), 0 left on base; Seattle 3 - Colorado 0 |
TOP OF THE 8TH |
Seattle Rainiers batting - Pitching for Colorado Commanders : RHP Jesús Medina
|
Batting: LHB Carlos Valentín
|
0-0: Ball 1-0: Foul Ball, location: 2F 1-1: Called Strike 1-2: Strikes out looking
|
Batting: RHB Danny Spode
|
0-0: Ball 1-0: Ball 2-0: Called Strike 2-1: Ball 3-1: Base on Balls
|
Batting: SHB Júlio Ayala
|
0-0: Called Strike 0-1: Ball 1-1: Grounds into double play, 6-4-3 (Groundball, 6)
|
Top of the 8th over - 0 run(s), 0 hit(s), 0 error(s), 0 left on base; Seattle 3 - Colorado 0 |
BOTTOM OF THE 8TH |
Colorado Commanders batting - Pitching for Seattle Rainiers : RHP Brandon Sweet
|
Batting: RHB Adam Reeves
|
0-0: Ball 1-0: Foul Ball, location: 2F 1-1: Foul Ball, location: 2F 1-2: Foul Ball, location: 2F 1-2: Strikes out swinging
|
Batting: RHB Tony Barton
|
0-0: Foul Ball, location: 2F 0-1: Hit by Pitch
|
Pitching: RHP Robert Alexander
|
|
Batting: SHB Pancho Vásquez
|
0-0: Called Strike 0-1: Ground out 5-3 (Groundball, 6S) Tony Barton to second
|
Batting: RHB Mike Martin
|
0-0: Ball 1-0: Called Strike 1-1: Foul Ball, location: 2F 1-2: Foul Ball, location: 2F 1-2: Strikes out swinging
|
Bottom of the 8th over - 0 run(s), 0 hit(s), 0 error(s), 1 left on base; Seattle 3 - Colorado 0 |
TOP OF THE 9TH |
Seattle Rainiers batting - Pitching for Colorado Commanders : RHP Jesús Medina
|
Batting: RHB José Vidal
|
0-0: Ball 1-0: Called Strike 1-1: Called Strike 1-2: Ball 2-2: Ball 3-2: Base on Balls
|
Batting: SHB Claas van der Kuijl
|
0-0: Ball 1-0: Reached on error, E5 (Groundball, 5S) José Vidal to second
|
Batting: RHB Alfredo Farías
|
0-0: Ball 1-0: Ball 2-0: Ball 3-0: Called Strike 3-1: Base on Balls José Vidal to third Claas van der Kuijl to second
|
Batting: LHB Kelsey Scott
|
0-0: Ball 1-0: Ball 2-0: Ball 3-0: Called Strike 3-1: Base on Balls José Vidal scores Claas van der Kuijl to third Alfredo Farías to second
|
Batting: RHB Enrique Soto
|
0-0: Fly out, F6 (Popup, 6MD)
|
Batting: RHB Doug Williams
|
0-0: Ball 1-0: Ball 2-0: Ground out 5-3 (Groundball, 5S) Claas van der Kuijl scores Alfredo Farías to third Kelsey Scott to second
|
Batting: LHB Carlos Valentín
|
0-0: Foul Ball, location: 2F 0-1: SINGLE (Groundball, 4MD) Alfredo Farías scores Kelsey Scott to third Runner from 3rd tries for Home, SAFE, no throw
|
Pitching: RHP Joe King
|
|
Batting: RHB Danny Spode
|
0-0: Ball 1-0: Swinging Strike 1-1: Ball 2-1: Ball 3-1: SINGLE (Groundball, 6D) Carlos Valentín to second
|
Batting: SHB Júlio Ayala
|
0-0: Fielders Choice at 2nd, 4-6 (Groundball, 4)
|
Top of the 9th over - 4 run(s), 2 hit(s), 1 error(s), 1 left on base; Seattle 7 - Colorado 0 |
BOTTOM OF THE 9TH |
Colorado Commanders batting - Pitching for Seattle Rainiers : RHP Robert Alexander
|
Batting: LHB Arturo Rodledo
|
0-0: Fly out, F7 (Flyball, 7S)
|
Batting: LHB Juan Torres
|
0-0: Called Strike 0-1: Ball 1-1: Ground out 5-3 (Groundball, 56S)
|
Batting: RHB Frank Martínez
|
0-0: Called Strike 0-1: Ball 1-1: Ball 2-1: Ball 3-1: Ground out 6-3 (Groundball, 6S)
|
Bottom of the 9th over - 0 run(s), 0 hit(s), 0 error(s), 0 left on base; Seattle 7 - Colorado 0 |
|